 Dungeon Crawl Stone Soup version 0.16.2-12-gd0ad4c3 (webtiles) character file.

3250 Gravoth the Covert (level 9, -1/81 HPs)
             Began as an Octopode Assassin on Oct 25, 2015.
             Was a Believer of Nemelex Xobeh.
             Slain by Grum
             ... wielding a -1 spear
              (14 damage)
             ... on level 8 of the Dungeon.
             The game lasted 00:42:42 (7454 turns).

Gravoth the Covert (Octopode Assassin)              Turns: 7454, Time: 00:42:42

Health: -1/81      AC:  1    Str: 19    XL:     9   Next: 99%
Magic:  0/21       EV: 16    Int: 15    God:    Nemelex Xobeh [**....]
Gold:   361        SH:  0    Dex: 13    Spells: 0 memorised, 8 levels left

rFire  . . .     SeeInvis .     R - +7 Singing Sword
rCold  . . .     Clarity  .     (no shield)
rNeg   . . .     SustAb   +     (helmet restricted)
rPois  .         Gourm    .     B - amulet of guardian spirit
rElec  .         Spirit   +     k - +2 ring of intelligence
rCorr  .         Warding  .     m - ring of flight
rMut   .         Stasis   .     o - ring of sustain abilities
MR     .....                    u - +2 ring of slaying
Stlth  ..........               y - ring of sustain abilities
                                (no ring)
                                (no ring)
                                (no ring)

@: berserking (expiring), lethally poisoned (-1 -> -2), especially stealthy,
very quick, not resistant to hostile enchantments, extremely unstealthy
A: almost no armour, amphibious, 8 rings, constrict 8, camouflage 1, gelatinous
body 1
a: Renounce Religion, Evoke Flight


You were on level 8 of the Dungeon.
You worshipped Nemelex Xobeh.
Nemelex Xobeh was pleased with you.
You were not hungry.

You visited 2 branches of the dungeon, and saw 9 of its levels.
You also visited: Sewer.

You collected 361 gold pieces.

Inventory:

Hand weapons
 a - a +2 dagger
 b - a +0 blowgun
 j - a +2 dagger of speed
 E - a +2 vampiric short sword
 R - the +7 Singing Sword (weapon)
   (You found it on level 7 of the Dungeon)
Missiles
 e - 42 poisoned needles
 f - 2 curare-tipped needles
Jewellery
 k - a +2 ring of intelligence (left tentacle)
 m - a ring of flight (right tentacle)
 o - a ring of sustain abilities (on tentacle)
 u - a +2 ring of slaying (on tentacle)
 y - a ring of sustain abilities (on tentacle)
 B - an amulet of guardian spirit (around mantle)
Magical devices
 x - a wand of random effects (37)
 Q - a wand of lightning (9)
 S - a wand of fire (10)
Scrolls
 c - 2 scrolls of fear {unknown}
 d - 2 scrolls of noise {unknown}
 l - 2 scrolls of magic mapping {unknown}
 n - 3 scrolls of blinking {unknown}
 q - 3 scrolls of identify {unknown}
 s - a scroll of enchant armour {unknown}
 v - 2 scrolls of fog {unknown}
 w - 3 scrolls of teleportation {unknown}
 D - 3 scrolls of remove curse {unknown}
 F - a scroll of immolation {unknown}
 K - a scroll of recharging {unknown}
 O - a scroll of random uselessness {unknown}
Potions
 i - a potion of beneficial mutation {unknown}
 p - a potion of heal wounds {unknown}
 r - a potion of magic
 t - 3 potions of curing
 C - a potion of lignification {unknown}
 I - a potion of flight {unknown}
 J - a potion of haste {unknown}
 M - a potion of restore abilities
 N - 3 potions of agility
Miscellaneous
 H - a plain deck of destruction
 L - a plain deck of war
 P - a legendary deck of war
Comestibles
 g - 4 bread rations
 z - 4 meat rations
 A - a beef jerky
 G - a slice of pizza


   Skills:
 - Level 2.0 Fighting
 - Level 2.0 Short Blades
 - Level 2.0 Throwing
 + Level 7.4 Dodging
 - Level 12.0 Stealth
 - Level 10.0 Evocations


You had 8 spell levels left.
You didn't know any spells.

Dungeon Overview and Level Annotations

Branches:
Dungeon (8/15)             Temple (1/1) D:4
   Lair: D:8-11

Altars:
Cheibriados
Dithmenos
Elyvilon
Fedhas
Gozag
Kikubaaqudgha
Makhleb
Nemelex Xobeh
Okawaru
Qazlal
Ru
Sif Muna
Vehumet
Xom
Yredelemnul
The Shining One

Shops:
D:4 =   D:7 *

Annotations:
D:4 Pikel
D:8 Grum


Innate Abilities, Weirdness & Mutations

You cannot wear most types of armour.
You are amphibious.
You can wear up to eight rings at the same time.
You can use your tentacles to constrict many enemies at once.
Your skin changes colour to match your surroundings (Stealth).
Your rubbery body absorbs attacks (AC +1).


Message History

You feel sick.
You closely miss the wolf. Your grab misses the wolf.
Your squeeze misses the wolf. The wolf completely misses you.
Something barely misses you. The wolf bites you.
You slash the wolf! You grab the wolf.
The wolf is severely wounded.
You constrict the wolf. Something hits you! The wolf closely misses you.
You slice the wolf!!
You kill the wolf!
Something hits you!!
* * * LOW HITPOINT WARNING * * *
You feel sick. Something barely misses you.
Items here: ( ))) † a blowgun; 14 poisoned needles; an uncursed club; an uncursed blowgun a kobold corpse You hit something.
You squeeze something!
Your fortitude fades away.
Something hits you!!
You die...
Your body glows with a rainbow of weird colours and disappears.

K... #...... ###......
#.+...... #.#....#
#.#....#....
#.#....#.......
##########.#....#........
#..........@(...#........
#..........({.%.#.........
#...............#........
#...............#.......
#...................#
#...................#
##########..........#
#..........# #..........#


There were no monsters in sight!

Vanquished Creatures
  Maurice (D:8)
  Prince Ribbit (D:5)
  Eustachio (D:4)
  2 wolves (D:8)
  2 ice beasts
  3 ogres
  A phantom (D:4)
  Blork the orc (D:7)
  2 giant frogs
  4 scorpions
  A water moccasin skeleton (D:6)
  2 goliath beetles
  2 crimson imps (D:6)
  2 centaur skeletons
  A wasp zombie (D:6)
  2 giant frog skeletons
  2 orc priests
  A gnoll shaman (D:5)
  An iguana (D:8)
  3 worker ants
  6 orc wizards
  Jessica (D:2)
  A killer bee zombie (D:8)
  2 hound zombies (D:6)
  2 worker ant zombies
  Robin (D:3)
  7 adders
  9 gnolls
  6 giant mites
  A worm (D:4)
  7 giant geckos
  2 oozes (D:2)
  20 orcs
  3 ball pythons
  19 bats
  2 bat zombies (D:1)
  6 giant cockroaches
  19 goblins
  13 hobgoblins
  8 jackals
  24 kobolds
  3 quokkas
  A jackal zombie (D:5)
  6 rats
  A fungus (D:7)
205 creatures vanquished.

Vanquished Creatures (collateral kills)
  A hippogriff (D:7)
  Purgy (Sewer)
  An orc warrior (D:7)
  An ogre (D:7)
  A sky beast (D:7)
  A killer bee (D:7)
6 creatures vanquished.

Vanquished Creatures (others)
  A killer bee (D:7)
1 creature vanquished.

Grand Total: 212 creatures vanquished

Notes
Turn   | Place    | Note
--------------------------------------------------------------
     0 | D:1      | Gravoth, the Octopode Assassin, began the quest for the Orb.
     0 | D:1      | Reached XP level 1. HP: 14/14 MP: 1/1
   249 | D:1      | Reached XP level 2. HP: 9/19 MP: 2/2
  1232 | D:1      | Reached XP level 3. HP: 22/24 MP: 3/3
  1489 | D:2      | Noticed Jessica
  1506 | D:2      | Killed Jessica
  1506 | D:2      | Reached XP level 4. HP: 26/29 MP: 4/4
  2258 | D:3      | Noticed Robin
  2413 | D:3      | Killed Robin
  2413 | D:3      | Reached XP level 5. HP: 9/34 MP: 5/5
  2917 | D:3      | Found a deep blue altar of Sif Muna.
  3008 | D:3      | Reached skill level 5 in Dodging
  3288 | D:4      | Noticed Eustachio
  3327 | D:3      | Reached skill level 6 in Stealth
  3327 | D:3      | Reached XP level 6. HP: 34/39 MP: 4/6
  3371 | D:4      | Reached skill level 7 in Stealth
  3400 | D:4      | Found a staircase to the Ecumenical Temple.
  3415 | Temple   | Entered the Ecumenical Temple
  3483 | Temple   | Became a worshipper of Nemelex Xobeh the Trickster
  3556 | D:4      | Noticed a phantom
  3575 | D:4      | Killed a phantom
  3575 | D:4      | Reached skill level 8 in Stealth
  3643 | D:4      | Killed Eustachio
  3643 | D:4      | Reached skill level 9 in Stealth
  3643 | D:4      | Reached XP level 7. HP: 27/45 MP: 4/7
  3915 | D:4      | Found a blossoming altar of Fedhas.
  3915 | D:4      | Noticed a slave
  3916 | D:4      | Noticed Pikel
  3916 | D:4      | Noticed a slave
  3967 | D:4      | Received a gift from Nemelex Xobeh
  3976 | D:4      | Noticed an ogre
  3991 | D:4      | Killed an ogre
  3991 | D:4      | Reached skill level 10 in Stealth
  4032 | D:4      | Found Umafrem's Jewellery Boutique.
  4053 | D:4      | Noticed an ogre
  4059 | D:4      | Killed an ogre
  4134 | D:4      | Found a sacrificial altar of Ru.
  4217 | D:5      | Entered Level 5 of the Dungeon
  4385 | D:5      | Received a gift from Nemelex Xobeh
  4434 | D:5      | Found a shadowy altar of Dithmenos.
  4474 | D:5      | Noticed Prince Ribbit
  4478 | D:5      | Killed Prince Ribbit
  4478 | D:5      | Reached skill level 11 in Stealth
  4478 | D:5      | Reached XP level 8. HP: 50/50 MP: 8/8
  4491 | D:5      | Reached skill level 12 in Stealth
  4517 | D:5      | Found a glowing drain.
  4548 | Sewer    | Entered a sewer
  4587 | Sewer    | Noticed Purgy
  4599 | Sewer    | Killed Purgy
  4599 | Sewer    | Reached skill level 1 in Evocations
  4946 | D:5      | You fall through a shaft for 2 floors!
  4946 | D:7      | Found Shoesel's Assorted Antiques.
  5331 | D:7      | Reached skill level 5 in Evocations
  5772 | D:6      | Reached XP level 9. HP: 49/54 MP: 18/18
  5925 | D:6      | Received a gift from Nemelex Xobeh
  6160 | D:6      | Found a sacrificial altar of Ru.
  6496 | D:7      | Found a glowing golden altar of the Shining One.
  6636 | D:7      | Received a gift from Nemelex Xobeh
  7094 | D:7      | Reached skill level 10 in Evocations
  7130 | D:7      | Noticed Blork the orc
  7135 | D:7      | Killed Blork the orc
  7177 | D:8      | Noticed Maurice
  7186 | D:8      | Killed Maurice
  7438 | D:8      | Noticed Grum
  7454 | D:8      | Slain by Grum

Action                   |  1- 3 |  4- 6 |  7- 9 || total
-------------------------+-------+-------+-------++-------
Melee: Dagger            |    68 |   127 |   248 ||   443
       Double sword      |       |       |    42 ||    42
 Fire: Blowgun           |       |       |     3 ||     3
Evoke: Deck              |       |       |    11 ||    11
  Use: Potion            |       |     2 |     2 ||     4
 Stab: Sleeping          |     6 |    11 |    31 ||    48
       Distracted        |       |     1 |     3 ||     4
       Paralysed         |       |       |     1 ||     1
  Eat: Chunk             |     2 |     6 |    11 ||    19
       Beef jerky        |       |       |     1 ||     1
